 Dungeon Crawl Stone Soup version 0.25-a0-413-g3b4b6a4ccc (webtiles) character file.

Game seed: 16172849976549483114, levelgen mode: deterministic

666 DerDa the Skirmisher (level 7, -4/64 HPs)
             Began as a Minotaur Berserker on Jan 15, 2020.
             Was a Priest of Trog.
             Slain by a slave (8 damage)
             ... led by Pikel
             ... on level 7 of the Dungeon.
             The game lasted 00:08:17 (3610 turns).

DerDa the Skirmisher (Minotaur Berserker)           Turns: 3610, Time: 00:08:18

Health: -4/64      AC:  7    Str: 24    XL:     7   Next: 31%
Magic:  7/7        EV: 13    Int:  4    God:    Trog [***...]
Gold:   249        SH:  0    Dex:  9    Spells: 6/6 levels left

rFire    . . .     SeeInvis .   m - +0 falchion (flame)
rCold    . . .     Gourm    .   (no shield)
rNeg     . . .     Faith    .   d - +0 ring mail
rPois    +         Spirit   .   (helmet restricted)
rElec    .         Reflect  .   (no cloak)
rCorr    .         Harm     .   u - +0 pair of gloves
MR       .....                  (no boots)
Stlth    ..........             (no amulet)
HPRegen  0.20/turn              k - ring of poison resistance
MPRegen  0.10/turn              (no ring)

@: berserk cooldown
A: retaliatory headbutt, horns 2
a: Berserk, Trog's Hand, Renounce Religion


You were on level 7 of the Dungeon.
You worshipped Trog.
Trog was most pleased with you.
You were not hungry.

You visited 2 branches of the dungeon, and saw 9 of its levels.

You collected 249 gold pieces.

Inventory:

Hand Weapons
 m - a +0 falchion of flaming (weapon)
 y - a +2 hunting sling of flaming
Missiles
 l - 44 bolts
Armour
 d - a +0 ring mail (worn)
 u - a +0 pair of gloves (worn)
Jewellery
 k - a ring of poison resistance (left hand)
 v - an uncursed amulet of rage {unknown}
Wands
 w - a wand of acid (7)
Scrolls
 f - a scroll of immolation {unknown}
 g - a scroll of identify {unknown}
 h - a scroll of magic mapping {unknown}
 i - 4 scrolls of teleportation {unknown}
 p - 2 scrolls of enchant weapon {unknown}
 q - 2 scrolls of fog {unknown}
 t - a scroll of enchant armour {unknown}
 z - a scroll of remove curse {unknown}
Potions
 a - a potion of mutation {unknown}
 b - 2 potions of resistance {unknown}
 e - 7 potions of curing {unknown}
 j - 3 potions of lignification {unknown}
 n - a potion of agility {unknown}
 o - 3 potions of degeneration {unknown}
 r - a potion of might {unknown}
 s - a potion of haste {unknown}
Comestibles
 c - 6 rations
 x - 7 chunks of flesh


   Skills:
 * Level 6.5 Fighting
 + Level 5.2 Long Blades
 + Level 4.5 Armour
 * Level 5.2 Dodging
 + Level 1.3 Evocations


You had 6 spell levels left.
You didn't know any spells.
Your spell library was empty.

Dungeon Overview and Level Annotations

Branches:
Dungeon (8/15)             Temple (1/1) D:4
   Lair: D:8-11

Altars:
Ashenzari
Cheibriados
Dithmenos
Elyvilon
Fedhas
Gozag
Hepliaklqana
Makhleb
Okawaru
Qazlal
Ru
Sif Muna
Trog
Uskayaw
Vehumet
Wu Jian
Xom
Yredelemnul
Zin
The Shining One

Annotations:
D:6 Prince Ribbit
D:7 Pikel


Innate Abilities, Weirdness & Mutations

You reflexively headbutt those who attack you in melee.
You have a pair of horns on your head.


Message History

There is a stone staircase leading down here.
You feel yourself speed up.
Pikel hits you with a +2 whip of flaming.
* * * LOW HITPOINT WARNING * * *
Pikel burns you.
* * * LOW HITPOINT WARNING * * *
The slave hits you.
* * * LOW HITPOINT WARNING * * *
The slave hits you.
* * * LOW HITPOINT WARNING * * *
The slave barely misses you.
You riposte.
You closely miss the slave. You headbutt the slave!
The slave is moderately wounded.
Pikel hits you but does no damage.
You climb downwards.
There is a stone staircase leading up here.
The slave closely misses you. You furiously retaliate!
You headbutt the slave!
Pikel says, "Slavery isn't that bad."
The slave hits you!
You die...

.....## #..........
......###..........
##................#
#....#.##........
#...###........#
.....##.........## ##
..#...#..........##.##
#.##.............#...#
## ##.#.........@....#
#..#.......p....##
######.....Kp...#
###..<.....#
###..#..## ####.## ##


You could see Pikel and 2 slaves.

Vanquished Creatures
  A hungry ghost (D:7)
  An ogre (D:8)
  2 centaurs (D:7)
  2 orc priests
  2 hounds
  A worker ant (D:4)
  2 orc wizards (D:3)
  2 adders
  An ooze (D:3)
  2 dart slugs (D:2)
  2 leopard geckos
  9 orcs
  2 ball pythons (D:1)
  5 giant cockroaches
  5 goblins
  6 hobgoblins
  9 jackals
  6 kobolds
  2 quokkas
  6 bats
  3 frilled lizards
  7 rats
78 creatures vanquished.

Notes
Turn   | Place    | Note
-------+----------+-------------------------------------------
     0 | D:1      | DerDa the Minotaur Berserker began the quest for the Orb.
     0 | D:1      | Reached XP level 1. HP: 19/19 MP: 0/0
   173 | D:1      | Reached XP level 2. HP: 21/27 MP: 1/1
   283 | D:1      | Reached skill level 4 in Fighting
   332 | D:1      | Reached ** piety under Trog
   429 | D:1      | Reached XP level 3. HP: 32/33 MP: 2/2
   952 | D:2      | Found an iron altar of Okawaru.
   973 | D:2      | Found a radiant altar of Vehumet.
  1168 | D:2      | Found a faded altar of an unknown god.
  1296 | D:2      | Noticed a fire elemental
  1297 | D:2      | Found a stormy altar of Qazlal.
  1299 | D:2      | Noticed an earth elemental
  1299 | D:2      | Noticed an air elemental
  1299 | D:2      | Noticed a water elemental
  1537 | D:2      | Found a white marble altar of Elyvilon.
  1626 | D:2      | Reached XP level 4. HP: 25/41 MP: 3/3
  1911 | D:3      | Found a shattered altar of Ashenzari.
  1962 | D:3      | Reached skill level 5 in Fighting
  1962 | D:3      | Reached XP level 5. HP: 45/48 MP: 4/4
  2278 | D:3      | Reached *** piety under Trog
  2414 | D:4      | Found a snail-covered altar of Cheibriados.
  2717 | D:4      | Found a staircase to the Ecumenical Temple.
  3237 | Temple   | Entered the Ecumenical Temple
  3324 | D:5      | Entered Level 5 of the Dungeon
  3353 | D:5      | Reached XP level 6. HP: 56/56 MP: 5/5
  3361 | D:5      | Noticed a sky beast
  3363 | D:5      | You fall into a shaft and drop 3 floors!
  3481 | D:8      | Noticed a +0 hand axe
  3482 | D:8      | Noticed a +0 hand axe
  3483 | D:8      | Found a hide-covered altar of Uskayaw.
  3490 | D:7      | Noticed a hungry ghost
  3496 | D:7      | Reached skill level 6 in Fighting
  3522 | D:7      | Killed a hungry ghost
  3522 | D:7      | Reached skill level 5 in Long Blades
  3522 | D:7      | Reached skill level 5 in Dodging
  3522 | D:7      | Reached skill level 1 in Evocations
  3522 | D:7      | Reached XP level 7. HP: 50/63 MP: 6/6
  3563 | D:6      | Noticed Prince Ribbit
  3599 | D:6      | Noticed Pikel
  3606 | D:6      | HP: 3/64 [slave[Pikel] (4)]
  3610 | D:7      | Slain by a slave

Levels and vault maps discovered:
D:1:      elethiomel_arrival_infinity_welcomes_careful_drivers,
          layout_loops_ring, minmay_liquid_box, minivault_23,
          serial_bayou_crossing
D:2:      layout_basic, okawaru_ov_weapons_minmay, vehumet_crystals,
          nicolae_qazlal_style_of_elements, lemuel_coloured_pillars_altar,
          chequers_ecumenical_altar_twisty, hangedman_abyss_or_decor_lesser_grid
D:3:      layout_loops_ring, evilmike_ruin_ashenzari
D:4:      layout_loops_corners, lemuel_crystal_altar,
          minmay_temple_entry_overgrown, first_ration,
          minmay_misc_feat_secret_circle, small_statue_intersection,
          minmay_checkerbox
D:5:      layout_basic, serial_shops, shop
D:6:      layout_cave_pools, old_standard_altar, minmay_hedge_maze,
          uniq_prince_ribbit1, uniq_grinder, uniq_pikel
D:7:      layout_cave_pools, serial_shops, nicolae_shop_crystal, the_bakery,
          minmay_misc_feat_tower
D:8:      layout_basic, nemelex_altar_shiori, dancing_weapons_uskayaw,
          david_lair_shrubbed, serial_shops, shop
Temple:   cyrus_circular_temple

Skill      XL: |  1  2  3  4  5  6 |
---------------+-------------------+-----
Fighting       | 4 5 6 |  6.5
Dodging        | 3 4 5 |  5.2
Long Blades    | 4 5 |  5.2
Armour         | 3 4 |  4.5
Evocations     | 1 |  1.3

Action                   |  1- 3 |  4- 6 |  7- 9 || total
-------------------------+-------+-------+-------++-------
Melee: Falchion          |    66 |   113 |    14 ||   193
       Headbutt          |    15 |    13 |     3 ||    31
Invok: Berserk           |       |       |     1 ||     1
       Trog's Hand       |       |       |     1 ||     1
  Eat: Chunk             |     1 |     7 |     1 ||     9
       Ration            |       |     1 |       ||     1
Armor: Animal skin       |    11 |       |       ||    11
       Ring mail         |     5 |    47 |     8 ||    60
Dodge: Dodged            |    58 |    55 |    23 ||   136
       Rpst.: Falchion   |    16 |    14 |     4 ||    34

Table legend:
 A = Non-vault XP
 B = Vault XP
 C = Vault XP percentage of total XP
 D = Non-vault monster count
 E = Vault monster count
 F = Vault count percentage of total count
                 A         B        C        D         E       F
            +---------+---------+-------+---------+---------+-------
      Total |     911 |      41 |   4.3 |      76 |       2 |   2.6
            +---------+---------+-------+---------+---------+-------
        D:1 |      48 |       0 |   0.0 |      29 |       0 |   0.0
        D:2 |      74 |       0 |   0.0 |      12 |       0 |   0.0
        D:3 |     160 |       0 |   0.0 |      22 |       0 |   0.0
        D:4 |      44 |      41 |  48.2 |       4 |       2 |  33.3
        D:5 |      13 |       0 |   0.0 |       1 |       0 |   0.0
        D:6 |      46 |       0 |   0.0 |       3 |       0 |   0.0
        D:7 |     398 |       0 |   0.0 |       3 |       0 |   0.0
        D:8 |     128 |       0 |   0.0 |       2 |       0 |   0.0
            +---------+---------+-------+---------+---------+-------
